 Dungeon Crawl Stone Soup version 0.23-a0-819-g6debee6 (console) character file.

30 Duffy the Firebug (level 3, 3/19 HPs)
             Began as a Deep Elf Fire Elementalist on Jan 22, 2019.
             Quit the game on level 3 of the Dungeon.
             The game lasted 00:01:37 (1037 turns).

Duffy the Firebug (Deep Elf Fire Elementalist)      Turns: 1037, Time: 00:01:37

Health: 3/19       AC:  3    Str:  3 (5)  XL:     3   Next: 5%
Magic:  9/9        EV: 18    Int: 19 (20) God:
Gold:   64         SH:  0    Dex: 18 (20) Spells: 4/8 levels left

rFire    . . .     SeeInvis .   c - 2 rations
rCold    . . .     Gourm    .   (no shield)
rNeg     . . .     Faith    .   a - +0 robe
rPois    .         Spirit   .   (no helmet)
rElec    .         Reflect  .   (no cloak)
rCorr    .         Harm     .   (no gloves)
MR       .....                  b - +0 pair of boots (curse)
Stlth    +++.......             (no amulet)
HPRegen  0.06/turn              (no ring)
MPRegen  0.11/turn              (no ring)

@: agile, lethally poisoned (3 -> -8)
A: no striking features
a: no special abilities


You were on level 3 of the Dungeon.
You were hungry.

You visited 1 branch of the dungeon, and saw 4 of its levels.

You collected 64 gold pieces.

Inventory:

Armour
 a - a +0 robe (worn)
 b - a cursed +0 pair of boots (worn)
Scrolls
 d - a scroll of enchant armour {unknown}
 e - a scroll of teleportation {unknown}
 f - 2 scrolls of identify {unknown}
Comestibles
 c - 2 rations (in hand)


   Skills:
 - Level 2.4 Dodging
 - Level 2.4 Stealth
 + Level 3.0 Spellcasting
 + Level 3.3 Conjurations
 + Level 3.3 Fire Magic


You had 4 spell levels left.
You knew the following spells:

 Your Spells              Type           Power        Failure   Level  Hunger
h - Flame Tongue          Conj/Fire      ###..        3%          1    None
l - Conjure Flame         Conj/Fire      ###.....     12%         3    ###....

Your spell library contained the following spells:

 Spells                   Type           Power        Failure   Level  Hunger
 Throw Flame              Conj/Fire      ###...       6%          2    ##.....
 Inner Flame              Hex/Fire       #.......     22%         3    ###....
 Sticky Flame             Conj/Fire      ###.....     36%         4    ####...
 Fireball                 Conj/Fire      ###.......   71%         5    ######.


Dungeon Overview and Level Annotations

Branches:
Dungeon (4/15)
 Temple: D:4-7

Altars:

Annotations:
D:3 Eustachio


Message History

Unknown command.
You feel sick.
Eustachio twirls his moustache.
Eustachio hits you with a +0 rapier of venom.
You are more poisoned.
You climb upwards.
You feel sick.
There is a stone staircase leading down here.
Unknown command.
You feel sick.
You feel sick.
Eustachio casts a spell.
Eustachio blinks!
It was a potion of degeneration.
There was something very wrong with that liquid.
You feel weakened.
You feel dopey.
You feel clumsy.
You feel sick.
It was a potion of agility.
You feel agile all of a sudden.
You feel sick.
Are you sure you want to abandon this character and quit the game? (Confirm with "yes".)

# ### #...... . ..#
..... #. #.# #...#
###.####.# #...#
.......#.# #...# ###
....(.%@$# #...# ?..
.##.##(#.#####...###.###
#......>.............#.
#......................
#.#..#................#
#.#..#.#####...###.....
.......# #...# .....
####.#### #...# ##.. #!
#...# .


There were no monsters in sight!

Vanquished Creatures
  A gnoll (D:4)
  An ooze (D:2)
  2 leopard geckos
  An orc (D:3)
  A hobgoblin (D:1)
  3 kobolds
  A bat (D:3)
  A frilled lizard (D:3)
  3 goblins
  2 rats
16 creatures vanquished.

Notes
Turn   | Place    | Note
-------+----------+-------------------------------------------
     0 | D:1      | Duffy the Deep Elf Fire Elementalist began the quest for
                  | the Orb.
     0 | D:1      | Reached XP level 1. HP: 10/10 MP: 6/6
   305 | D:2      | Reached XP level 2. HP: 15/15 MP: 4/8
   581 | D:4      | Noticed Eustachio
   643 | D:3      | Reached XP level 3. HP: 19/19 MP: 5/9
   649 | D:3      | Learned a level 3 spell: Conjure Flame
  1037 | D:3      | Quit the game

Vault maps used:
D:1:      dpeg_arrival_stone_temple_mockup
D:2:      minmay_inner_zag, guppyfry_early_orc_mine
D:3:      chequers_ecumenical_altar_simple_redux
D:4:      first_ration, serial_shops, kennysheep_mini, dk_noncrumbling_4,
          minmay_vboxes, uniq_eustachio

Skill      XL: |  1  2 |
---------------+-------+-----
Conjurations   | 2 3 |  3.3
Dodging        | |  2.4
Stealth        | |  2.4
Spellcasting   | |  3.0
Fire Magic     | |  3.3

Action                   || total
-------------------------++-------
 Cast: Flame Tongue      ||    38
       Conjure Flame     ||     4
  Use: Potion            ||     2
Armor: Robe              ||     6
Dodge: Dodged            ||    31

Table legend:
 A = Non-vault XP
 B = Vault XP
 C = Vault XP percentage of total XP
 D = Non-vault monster count
 E = Vault monster count
 F = Vault count percentage of total count
                 A         B        C        D         E       F
            +---------+---------+-------+---------+---------+-------
      Total |      44 |       0 |   0.0 |      16 |       0 |   0.0
            +---------+---------+-------+---------+---------+-------
        D:1 |       9 |       0 |   0.0 |       5 |       0 |   0.0
        D:2 |      11 |       0 |   0.0 |       4 |       0 |   0.0
        D:3 |      10 |       0 |   0.0 |       6 |       0 |   0.0
        D:4 |      14 |       0 |   0.0 |       1 |       0 |   0.0
            +---------+---------+-------+---------+---------+-------
